 Dungeon Crawl Stone Soup version 0.31.0-11-ge490571c62 (webtiles) character file.

Game seed: 6242858296089263872

135 puppykicker the Twirler (level 4, -2/25 HPs)
             Began as a Deep Elf Gladiator on Jan 27, 2024.
             Killed by divine providence
             ... invoked by an orc priest
              (12 damage)
             ... on level 2 of the Dungeon.
             The game lasted 00:03:53 (1568 turns).

puppykicker the Twirler (Deep Elf Gladiator)        Turns: 1568, Time: 00:03:53

Health: -2/25      AC:  6    Str: 11    XL:     4   Next: 96%
Magic:  6/6        EV: 13    Int: 15    God:
Gold:   186        SH:  0    Dex: 16    Spells: 3/3 levels left

rFire   . . .        b - +2 short sword (venom)
rCold   . . .        (no shield)
rNeg    . . .        j - +0 leather armour
rPois   .            c - +0 helmet
rElec   .            p - +0 cloak
rCorr   .            i - +0 pair of gloves
SInv    .            (no boots)
Will    .....        (no amulet)
Stlth   +            (no ring)
HPRegen 0.24/turn    (no ring)
MPRegen 0.10/turn

%: no passive effects
@: no status effects
A: no striking features
a: no special abilities


You were on level 2 of the Dungeon.
You visited 1 branch of the dungeon, and saw 3 of its levels.

You collected 186 gold pieces.

Inventory:

Hand Weapons
 a - a +3 quarterstaff of chaos
 b - a +2 short sword of venom (weapon)
 q - a +0 quarterstaff
Missiles
 d - 2 throwing nets
 o - 3 poisoned darts
Armour
 c - a +0 helmet (worn)
 i - a +0 pair of gloves (worn)
 j - a +0 leather armour (worn)
 p - a +0 cloak (worn)
Scrolls
 g - 2 scrolls of vulnerability {unknown}
 h - a scroll of brand weapon {unknown}
 l - 4 scrolls of identify {unknown}
 m - a scroll of noise {unknown}
 n - a scroll of fog {unknown}
 r - a scroll of teleportation {unknown}
 s - a scroll of enchant weapon {unknown}
Potions
 f - 2 potions of mutation {unknown}
 k - a potion of lignification {unknown}


   Skills:
 - Level 1.5 Fighting
 + Level 5.7 Staves
 - Level 2.0 Throwing
 - Level 3.6 Dodging


You had 3 spell levels left.
You didn't know any spells.
Your spell library contained the following spells:

 Spells                   Type           Power      Damage    Failure   Level
 Sting                    Conj/Alch      0%         1d3       34%         1
 Mercury Vapours          Alch/Air       0%         N/A       47%         2
 Frozen Ramparts          Ice            0%         1d1       71%         3
 Gell's Gravitas          Tloc           0%         N/A       71%         3
 Teleport Other           Tloc           0%         N/A       71%         3
 Leda's Liquefaction      Alch/Erth      0%         N/A       98%         4
 Olgreb's Toxic Radiance  Alch           0%         N/A       98%         4
 Petrify                  Alch/Erth      0%         N/A       98%         4
 Metabolic Englaciation   Hex/Ice        0%         N/A       100%        5
 Dispersal                Tloc           0%         N/A       100%        6


Dungeon Overview and Level Annotations

Branches:
Dungeon (3/15)

Altars:

Shops:
D:2 [


Message History

There is a stone staircase leading down here.
You start resting.
HP restored.
Health restored: 25
There is an open door here.
There is a stone staircase leading down here.
You climb downwards.
The orc shouts!
The orc priest shouts!
The orc shouts! x2
An adder comes into view.
You hear a shout!
The adder hisses angrily.
There is a stone staircase leading up here.
There are monsters nearby!
Unknown command.
Throw: javelin
Press: ? - help, Q - select action, (/) - cycle Shift-Dir - straight line, f - orc
Aim: an orc, wielding a +0 hand axe and wearing a +0 ring mail (61% to hit)
You throw a javelin.
The javelin barely misses the orc priest.
The javelin pierces through the orc.
The orc is severely wounded.
The javelin barely misses the orc.
Unknown command.
The orc priest hits you but does no damage.
You climb upwards.
There is a stone staircase leading down here.
You barely miss the orc priest.
The orc priest calls down the wrath of Beogh upon you.
Beogh smites you!
Ouch! That really hurt!
* * * LOW HITPOINT WARNING * * *
You take 15 damage, and have 10/25 hp.
MASSIVE DAMAGE!!
You hit the orc priest.
The orc priest is moderately wounded.
The orc priest hits you but does no damage.
You barely miss the orc priest.
The orc priest is moderately wounded.
The orc priest mumbles some strange prayers to Beogh against you.
Beogh smites you!
You die...

#........# #.##.#.........#
##
#..).....####.##.#.........#
'.......(.....##.#.........#
#........###..##.#.........#
..#.#.........##.#.........#
..#.#########.##.#.........#
..#.# ######....#.........#
.##.####.....##...########.#
.............+.o@.# ###.#
########.....###..## #...##
#.........####..#####....#
#........[##........#.##.#
#.........##........####.#
#...........[...........^#
#.............#####....###
#.............# #....##
#######.......# ##....#


You could see an orc priest.

Levels and vault maps discovered:
D:1:      spicycebolla_arrival_ecumenical, layout_loops_ring
D:2:      layout_basic, serial_shops, shop, uniq_crazy_yiuf_cottage
D:3:      layout_loops_ring, ebering_ghost_reflecting_pool

Notes
Turn   | Place    | Note
-------+----------+-------------------------------------------
     0 | D:1      | puppykicker the Deep Elf Gladiator began the quest for the
                  | Orb.
     0 | D:1      | Reached XP level 1. HP: 12/12 MP: 3/3
    12 | D:1      | Identified a +0 long sword
    64 | D:1      | Identified a +0 sling
   140 | D:1      | Identified a +0 pair of gloves
   147 | D:1      | Identified a +0 whip
   277 | D:1      | Identified a +2 short sword of venom
   281 | D:1      | Reached XP level 2. HP: 16/16 MP: 4/4
   318 | D:1      | Identified a +0 club
   334 | D:1      | Identified a +0 short sword
   353 | D:1      | Identified a +0 dagger
   812 | D:2      | Reached skill level 4 in Staves
   852 | D:2      | Identified a +0 helmet
   870 | D:2      | Reached XP level 3. HP: 20/20 MP: 5/5
   890 | D:2      | Found Azuc's Armour Shoppe.
   909 | D:2      | Identified a +3 hand axe
   944 | D:2      | Identified a +0 short sword
  1063 | D:2      | Found a runed translucent door.
  1064 | D:2      | Identified a +3 quarterstaff of chaos
  1064 | D:2      | Identified a +0 cloak
  1064 | D:2      | Noticed Crazy Yiuf
  1072 | D:2      | Killed Crazy Yiuf
  1073 | D:2      | Reached XP level 4. HP: 25/25 MP: 6/6
  1155 | D:3      | Reached skill level 5 in Staves
  1285 | D:3      | Identified a +0 mace
  1328 | D:3      | Identified a +0 dagger
  1357 | D:3      | Identified a +0 spear
  1420 | D:3      | Identified a +0 flail
  1420 | D:3      | Identified a +0 spear
  1430 | D:3      | HP: 3/25 [gnoll/+0 spear (5)]
  1561 | D:3      | Identified a +0 club
  1561 | D:3      | Identified a +0 club
  1561 | D:3      | Identified a +0 ring mail
  1561 | D:3      | Identified a +0 whip
  1561 | D:3      | Identified a +0 leather armour
  1561 | D:3      | Identified a +0 hand axe
  1561 | D:3      | Identified a +0 ring mail
  1568 | D:2      | Killed from afar by an orc priest

Table legend: (Time is in decaauts)
 A = Elapsed time spent in this place.
 B = Non-inter-level travel time spent in this place.
 C = Inter-level travel time spent in this place.
 D = Time resting spent in this place.
 E = Time spent auto-exploring this place.
 F = Levels seen in this place.
 G = Mean time per level.
                   A        B        C        D        E       F      G
               +--------+--------+--------+--------+--------+-----+--------+
         Total |   1570 |   1468 |    102 |    165 |    911 |   3 |  523.3 |
       Dungeon |   1570 |   1468 |    102 |    165 |    911 |   3 |  523.3 |
               +--------+--------+--------+--------+--------+-----+--------+

Top non-repeatable levels by time:
     D:1: 771 daAuts
     D:2: 438 daAuts
     D:3: 361 daAuts

Table legend:
 A = Kills in this place as a percentage of kills in the entire game.
 B = Kills by you in this place as a percentage of kills by you in the entire game.
 C = Kills by friends in this place as a percentage of kills by friends in the entire game.
 D = Other kills in this place as a percentage of other kills in the entire game.
 E = Experience gained in this place as a percentage of experience gained in the entire game.
 F = Experience gained in this place divided by the number of levels of this place that you have seen.
                   A       B       C       D       E      F
               +-------+-------+-------+-------+-------+----------------------
         Total | 100.0 | 100.0 |   N/A |   N/A | 100.0 |  64.3
       Dungeon | 100.0 | 100.0 |   N/A |   N/A | 100.0 |  64.3
               +-------+-------+-------+-------+-------+----------------------

Skill      XL: |  1  2  3  4 |
---------------+-------------+-----
Staves         | 4 5 |  5.7
Fighting       | |  1.5
Throwing       | |  2.0
Dodging        | |  3.6

Action                     |  1- 3 |  4- 6 || total
---------------------------+-------+-------++-------
  Melee: Quarterstaff      |    19 |       ||    19
         Short sword       |    39 |    35 ||    74
         Punch             |     1 |     1 ||     2
  Throw: Javelin           |     1 |     1 ||     2
         Throwing net      |     1 |       ||     1
         Dart              |       |     8 ||     8
   Stab: Sleeping          |     2 |       ||     2
         Held in net/web   |     1 |       ||     1
 Armour: Leather armour    |    22 |    25 ||    47
  Dodge: Dodged            |    24 |    34 ||    58

Vanquished Creatures
  Crazy Yiuf (D:2)
  An iguana (D:3)
  2 gnolls (D:3)
  3 adders
  2 dart slugs
  2 ribbon worms
  An orc (D:3)
  A ball python (D:3)
  3 endoplasms
  2 giant cockroaches (D:2)
  A goblin (D:1)
  2 hobgoblins (D:1)
  3 bats
  2 frilled lizards (D:1)
  6 kobolds
  2 rats (D:1)
34 creatures vanquished.
